 Dungeon Crawl Stone Soup version 0.23-a0-143-g1adec7b (webtiles) character file.

14037 Amnesiac the Quickloader (level 11, -21/86 HPs)
             Began as a Mummy Hunter on Sept 1, 2018.
             Was a High Priest of Okawaru.
             Demolished by a vampire knight
             ... wielding a +2 dire flail of draining
              (28 damage)
             ... on level 11 of the Dungeon.
             The game lasted 00:24:25 (14134 turns).

Amnesiac the Quickloader (Mummy Hunter)            Turns: 14134, Time: 00:24:26

Health: -21/86     AC: 24    Str: 20      XL:     11   Next: 83%
Magic:  21/26      EV: 11    Int: 10      God:    Okawaru [*****.]
Gold:   497        SH:  0    Dex: 11 (12) Spells: 8/10 levels left

rFire    x . .     SeeInvis .   a - +2 arbalest (freeze)
rCold    + . .     Gourm    .   (shield currently unavailable)
rNeg     + + +     Faith    +   k - +0 plate armour
rPois    ∞         Spirit   .   B - +0 helmet
rElec    .         Reflect  .   u - +2 cloak
rCorr    .         Harm     .   G - +0 pair of gloves
MR       +....                  F - +1 pair of boots
Stlth    ..........             E - amulet of faith
HPRegen  0.24/turn              e - ring of flight
MPRegen  0.20/turn              z - ring of magical power

@: about to teleport, heroism, finesse
A: no food or potions, fire vulnerability, cold resistance 1, negative energy
resistance 3, torment resistance, unbreathing
a: Heroism, Finesse, Renounce Religion, Evoke Flight


You were on level 11 of the Dungeon.
You worshipped Okawaru.
Okawaru was extremely pleased with you.
You were not hungry.

You visited 2 branches of the dungeon, and saw 12 of its levels.

You collected 722 gold pieces.
You spent 225 gold pieces at shops.

Inventory:

Hand Weapons
 a - a +2 arbalest of freezing (weapon)
 b - a +7 longbow of freezing
 o - a +1 hand crossbow
 w - a +0 blowgun
Missiles
 d - 95 bolts (quivered)
 l - 13 curare-tipped needles
 t - 32 poisoned needles
 C - 259 arrows
Armour
 k - a +0 plate armour (worn)
 u - a +2 cloak (worn)
 B - a +0 helmet (worn)
 D - a +0 shield
 F - a +1 pair of boots (worn)
 G - a +0 pair of gloves (worn)
Jewellery
 e - a ring of flight (left hand)
 f - an uncursed ring of wizardry
 n - a +5 ring of intelligence
 z - a ring of magical power (right hand)
 E - an amulet of faith (around neck)
Wands
 h - a wand of iceblast (7)
 s - a wand of disintegration (4)
 v - a wand of polymorph (8)
 y - a wand of random effects (8)
Scrolls
 c - 4 scrolls of remove curse {!r}
 g - 5 scrolls of teleportation {!r}
 i - 3 scrolls of immolation {!r, unknown}
 j - a scroll of amnesia {!r}
 m - a scroll of noise {!r}
 p - 8 scrolls of enchant armour {!r}
 q - a scroll of fog {!r}
 r - 8 scrolls of identify {!r}
 x - 2 scrolls of magic mapping {!r}
 A - 2 scrolls of blinking {!r}
 H - a scroll of silence {!r, unknown}


   Skills:
 + Level 8.3(13.3) Fighting
 * Level 10.2(15.2) Crossbows
 - Level 6.0(11.0) Armour
 - Level 6.0(11.0) Dodging
 - Level 0.7(5.7) Stealth
 - Level 8.0 Invocations


You had 8 spell levels left.
You knew the following spells:

 Your Spells              Type           Power        Failure   Level  Hunger
b - Passwall              Tmut/Erth      #.......     100%        2    N/A

Your spell library contained the following spells:

 Spells                   Type           Power        Failure   Level  Hunger
 Sandblast                Erth           #.....       99%         1    N/A
 Stone Arrow              Conj/Erth      #.....       100%        3    N/A
 Petrify                  Tmut/Erth      #.......     100%        4    N/A
 Lee's Rapid Deconstruct  Erth           #.........   100%        5    N/A

Dungeon Overview and Level Annotations

Branches:
Dungeon (11/15)            Temple (1/1) D:4            Lair (0/6) D:11
    Orc (0/2) D:10

Altars:
Ashenzari
Cheibriados
Dithmenos
Elyvilon
Fedhas
Gozag
Hepliaklqana
Kikubaaqudgha
Makhleb
Nemelex Xobeh
Okawaru
Qazlal
Ru
Sif Muna
Trog
Uskayaw
Vehumet
Wu Jian
Xom
Yredelemnul
Zin
The Shining One

Shops:
D:5 (   D:10 ([

Annotations:
D:10 Noname's ghost, journeyman DsBe
D:11 3 runed doors, Arum's ghost, journeyman DrFi; Kite's ghost, journeyman MiBe; Kuinu's ghost, journeyman DrBe; soark's ghost, journeyman DECj; vogonpoet's ghost, novice MfSu


Innate Abilities, Weirdness & Mutations

You do not eat or drink.
Your flesh is vulnerable to fire.
You are immune to poison.
Your flesh is cold resistant. (rC+)
You are immune to negative energy. (rN+++)
You are immune to unholy pain and torment.
You can survive without breathing.


Message History

You shoot a bolt. Something hits you but does no damage. Something bites you.
Unknown command.
Firing (i - inventory)
d - 103 bolts (quivered)
Press: ? - help, Shift-Dir - straight line, f/p - bullfrog
Aim: a bullfrog You shoot a bolt.
The bolt hits the bullfrog!!
The bolt freezes the bullfrog.
You kill the bullfrog!
Okawaru accepts your kill. Something barely misses you.
Something bites you but does no damage.
Firing (i - inventory)
d - 102 bolts (quivered)
Press: ? - help, Shift-Dir - straight line, f - komodo dragon
Aim: a komodo dragon You shoot a bolt.
Firing (i - inventory)
d - 101 bolts (quivered)
Press: ? - help, Shift-Dir - straight line, f/p - komodo dragon
Aim: a komodo dragon You shoot a bolt.
Something hits you but does no damage. Something bites you but does no damage.
Firing (i - inventory)
d - 100 bolts (quivered)
Press: ? - help, Shift-Dir - straight line, f/p - komodo dragon
Aim: a komodo dragon You shoot a bolt.
The bolt barely misses the komodo dragon.
Something hits you!!
* * * LOW HITPOINT WARNING * * *
Something bites you but does no damage.
Firing (i - inventory)
d - 99 bolts (quivered)
Press: ? - help, Shift-Dir - straight line, f/p - komodo dragon
Aim: a komodo dragon You shoot a bolt.
Something completely misses you. Something bites you but does no damage.
Firing (i - inventory)
d - 98 bolts (quivered)
Press: ? - help, Shift-Dir - straight line, f/p - komodo dragon
Aim: a komodo dragon You shoot a bolt.
The bolt barely misses the komodo dragon.
Something hits you but does no damage. Something bites you but does no damage.
Firing (i - inventory)
d - 97 bolts (quivered)
Press: ? - help, Shift-Dir - straight line, f/p - komodo dragon
Aim: a komodo dragon You shoot a bolt.
The bolt hits the komodo dragon!!
The komodo dragon seems to slow down.
The bolt freezes the komodo dragon.
The komodo dragon is heavily wounded.
Firing (i - inventory)
d - 96 bolts (quivered)
Press: ? - help, Shift-Dir - straight line, f/p - komodo dragon
Aim: a komodo dragon (heavily wounded, slow)
You shoot a bolt. Something hits you!!
* * * LOW HITPOINT WARNING * * *
Something bites you but does no damage.
Unknown command.
You are too injured to fight recklessly!
Unknown command.
Unknown command.
Evoke which item? (* to show all) (? for menu, Esc to quit)
Okay, then.
Okay, then.
Really read
g - 6 scrolls of teleportation {!r}?
As you read the scroll of teleportation {!r}, it crumbles to dust.
You feel strangely unstable.
The komodo dragon is no longer moving slowly.
Something hits you but does no damage. Something bites you!
* * * LOW HITPOINT WARNING * * *
Something hits you!!
You die...

#####..# ####...#...#{# #
##.#####.†....####.#
######((.).†.##...#.#.#(#
........############(#.#(#
######....## #.#..#.# .###
####..# #F#############
...#####)..# #..#..........#
...........#########............#
...##...........@{l....(........#
.#...#...##..########..........##
.........##...## ##.........##
###+++####.....### #..........#
$WWW..WW$###.....#####..........#
8W....WW8#####....)..#..........#
)..W..[..#........##)...........#
)........#........###............
#8.....8##.......(###...........>


You could see a komodo dragon.

Vanquished Creatures
  Erolcha (D:10)
  2 two-headed ogres
  Sonja (D:11)
  Pikel (D:9)
  An ugly thing (D:11)
  Joseph (D:8)
  3 centaur zombies
  3 trolls
  3 hippogriffs
  Sigmund (D:2)
  A vampire (D:9)
  A wraith (D:10)
  A spriggan (D:8)
  A wyvern (D:9)
  5 yaks (D:11)
  A hungry ghost (D:9)
  A neqoxec (D:10)
  11 orc warriors
  5 ice beasts
  7 sky beasts
  4 slaves (D:9)
  2 black bears (D:8)
  4 ogres
  A necrophage (D:9)
  A phantom (D:8)
  6 centaurs
  2 big kobolds
  A gnoll sergeant (D:5)
  7 bullfrogs
  2 scorpions
  4 killer bees (D:7)
  7 wights (D:10)
  2 howler monkeys
  7 crimson imps
  3 quasits (D:10)
  Crazy Yiuf (D:2)
  A bullfrog zombie (D:5)
  11 jellies
  14 orc wizards
  14 orc priests
  4 hounds
  2 bullfrog skeletons
  3 iguanas
  10 worker ants
  3 hound skeletons
  2 howler monkey skeletons
  4 gnolls (D:5)
  8 adders
  2 shadow imps
  4 adder skeletons
  4 worms (D:2)
  4 dart slugs
  4 leopard geckos
  62 orcs
  4 ball pythons
  7 giant cockroaches
  6 goblins
  6 hobgoblins
  12 jackals
  17 kobolds
  3 quokkas
  9 bats
  4 frilled lizards
  A jackal skeleton (D:5)
  A jackal zombie (D:5)
  14 rats
345 creatures vanquished.

Vanquished Creatures (others)
  A bullfrog (D:10)
1 creature vanquished.

Grand Total: 346 creatures vanquished

Notes
Turn   | Place    | Note
-------+----------+-------------------------------------------
     0 | D:1      | Amnesiac the Mummy Hunter began the quest for the Orb.
     0 | D:1      | Reached XP level 1. HP: 16/16 MP: 1/1
    99 | D:2      | Reached XP level 2. HP: 13/22 MP: 2/2
   584 | D:2      | Reached XP level 3. HP: 25/28 MP: 3/3
   780 | D:2      | Reached skill level 4 in Crossbows
   986 | D:2      | Noticed Sigmund
  1522 | D:1      | Reached XP level 4. HP: 34/34 MP: 4/4
  2882 | D:2      | Found a runed door.
  3104 | D:2      | Killed Sigmund
  3104 | D:2      | Reached skill level 5 in Crossbows
  3104 | D:2      | Reached XP level 5. HP: 31/42 MP: 5/5
  3104 | D:2      | Reached XP level 6. HP: 35/48 MP: 6/6
  3178 | D:2      | Noticed Crazy Yiuf
  3183 | D:2      | Paralysed by Crazy Yiuf for 3 turns
  3191 | D:2      | Killed Crazy Yiuf
  3633 | D:4      | Found a shimmering altar of Xom.
  3911 | D:4      | Reached skill level 6 in Crossbows
  3968 | D:4      | Found a staircase to the Ecumenical Temple.
  4024 | Temple   | Entered the Ecumenical Temple
  4259 | D:4      | Reached XP level 7. HP: 55/55 MP: 7/7
  5098 | D:5      | Entered Level 5 of the Dungeon
  5321 | D:4      | Reached skill level 5 in Fighting
  5360 | D:5      | Reached skill level 1 in Armour
  5435 | D:5      | Found an iron altar of Okawaru.
  5443 | D:5      | Became a worshipper of Warmaster Okawaru
  5457 | D:5      | Reached skill level 7 in Crossbows
  5457 | D:5      | Reached XP level 8. HP: 63/63 MP: 8/8
  5491 | D:5      | Noticed a hippogriff
  5704 | D:5      | Reached skill level 1 in Invocations
  5809 | D:5      | Found Dafen's Antique Weapon Emporium.
  5814 | D:5      | Bought a runed longbow for 225 gold pieces
  5915 | D:5      | Killed a hippogriff
  6449 | D:6      | Reached * piety under Okawaru
  6449 | D:6      | Reached skill level 8 in Crossbows
  6640 | D:6      | Got a colourful robe
  6642 | D:6      | Reached XP level 9. HP: 70/71 MP: 11/11
  6657 | D:6      | Identified the +1 robe "Plog" {+Fly MR+ MP+9} (You found it
                  | on level 6 of the Dungeon)
  7882 | D:7      | Reached ** piety under Okawaru
  7882 | D:7      | Reached skill level 9 in Crossbows
  8689 | D:8      | Noticed a two-headed ogre
  8696 | D:8      | Killed a two-headed ogre
  8696 | D:8      | Reached skill level 5 in Invocations
  8696 | D:8      | Reached XP level 10. HP: 75/80 MP: 13/13
  8696 | D:8      | Reached *** piety under Okawaru
  8827 | D:8      | Reached skill level 10 in Crossbows
  8956 | D:8      | Noticed Joseph
  8969 | D:8      | Killed Joseph
  9157 | D:8      | Received a gift from Okawaru
  9299 | D:8      | Noticed a two-headed ogre
  9307 | D:9      | Noticed Pikel
 10510 | D:9      | Reached **** piety under Okawaru
 10920 | D:9      | Killed Pikel
 11390 | D:9      | Found an iron altar of Okawaru.
 11399 | D:9      | Found a shattered altar of Ashenzari.
 11405 | D:9      | Learned a level 2 spell: Passwall
 11406 | D:9      | Found a radiant altar of Vehumet.
 11517 | D:9      | Received a gift from Okawaru
 11517 | D:9      | Reached XP level 11. HP: 84/86 MP: 17/17
 11521 | D:9      | Found a bloodstained altar of Trog.
 11741 | D:10     | Entered Level 10 of the Dungeon
 11809 | D:10     | Found a transporter.
 11817 | D:10     | Noticed Noname's ghost (journeyman DsBe)
 11840 | D:10     | Found a transporter.
 12305 | D:10     | Found Xeiso's Weapon Boutique.
 12323 | D:10     | Received a gift from Okawaru
 12339 | D:10     | Found a staircase to the Orcish Mines.
 12340 | D:10     | Found Okhlocue's Armour Boutique.
 12660 | D:10     | Noticed Erolcha
 12691 | D:10     | Killed Erolcha
 12691 | D:10     | Received a gift from Okawaru
 12691 | D:10     | Reached ***** piety under Okawaru
 12814 | D:10     | Received a gift from Okawaru
 13163 | D:10     | Reached skill level 5 in Armour
 13163 | D:10     | Reached skill level 5 in Dodging
 13328 | D:11     | Noticed Sonja
 13346 | D:11     | Found a runed gate.
 13346 | D:11     | Found a runed gate.
 13347 | D:11     | Found a runed gate.
 13354 | D:11     | Noticed Kite's ghost (journeyman MiBe)
 13354 | D:11     | Noticed soark's ghost (journeyman DECj)
 13354 | D:11     | Noticed Arum's ghost (journeyman DrFi)
 13355 | D:11     | Noticed vogonpoet's ghost (novice MfSu)
 13356 | D:11     | Noticed Kuinu's ghost (journeyman DrBe)
 13357 | D:11     | Found the +8 demon blade "Leech" {vamp, rN+ AC-3 EV-3}
 13439 | D:11     | Noticed a white ugly thing
 13457 | D:11     | Killed a white ugly thing
 13629 | D:11     | Killed Sonja
 13629 | D:11     | Received a gift from Okawaru
 13955 | D:11     | Found a staircase to the Lair.
 14105 | D:11     | Noticed a two-headed ogre
 14110 | D:11     | Noticed a vampire knight
 14124 | D:11     | Killed a two-headed ogre
 14134 | D:11     | Demolished by a vampire knight

Vault maps used:
D:1:      evilmike_arrival_plus
D:2:      first_ration, uniq_crazy_yiuf_cottage, uniq_sigmund
D:3:      corexii_shack
D:4:      marbit_many_paths, minmay_temple_entry_grid, grunt_ministairs_2
D:5:      basic_altar, serial_shops, shop
D:8:      special_room, the_bakery, uniq_joseph
D:9:      grunt_temple_overflow_open, trog_book, uniq_pikel
D:10:     orc_david_3, serial_glass, glass_columns_a, glass_columns_a,
          gammafunk_ghost_stat_death, uniq_erolcha
D:11:     minmay_tearing_corner, lair_entry_dummy, gammafunk_ghost_cemetery,
          uniq_sonja
Temple:   eino_narrow_crystal_temple

Skill      XL: |  1  2  3  4  5  6  7  8  9 10 11 |
---------------+----------------------------------+-----
Crossbows      | 4 5 6 7 8 9 10 | 10.2
Fighting       | 3 4 5 6 7 8 |  8.3
Armour         | 1 3 6 |  6.0
Invocations    | 3 5 8 |  8.0
Dodging        | 3 6 |  6.0
Stealth        | |  0.7

Action                   |  1- 3 |  4- 6 |  7- 9 | 10-12 || total
-------------------------+-------+-------+-------+-------++-------
Melee: Short sword       |    40 |       |       |       ||    40
 Fire: Hand crossbow     |    30 |    34 |    86 |   431 ||   581
       Hunting sling     |    75 |   229 |   133 |       ||   437
       Longbow           |       |       |   162 |   123 ||   285
       Arbalest          |       |       |       |    28 ||    28
Invok: Heroism           |       |       |       |     4 ||     4
       Finesse           |       |       |       |     1 ||     1
Evoke: Wand              |       |       |     4 |    25 ||    29
  Use: Scroll            |       |     7 |     4 |     5 ||    16
Armor: Leather armour    |     4 |       |       |       ||     4
       Ring mail         |    37 |    54 |    10 |       ||   101
       Chain mail        |       |       |   159 |    65 ||   224
       Plate armour      |       |       |       |   243 ||   243
Dodge: Dodged            |    55 |    83 |   107 |   125 ||   370
Block: Shield            |       |       |       |   118 ||   118

Table legend:
 A = Non-vault XP
 B = Vault XP
 C = Vault XP percentage of total XP
 D = Non-vault monster count
 E = Vault monster count
 F = Vault count percentage of total count
                 A         B        C        D         E       F
            +---------+---------+-------+---------+---------+-------
      Total |   15078 |    4976 |  24.8 |     305 |      36 |  10.6
            +---------+---------+-------+---------+---------+-------
        D:1 |      36 |       0 |   0.0 |      21 |       0 |   0.0
        D:2 |      93 |     267 |  74.2 |      31 |       2 |   6.1
        D:3 |      40 |       2 |   4.8 |      17 |       1 |   5.6
        D:4 |     540 |      65 |  10.7 |      31 |       2 |   6.1
        D:5 |    1073 |       0 |   0.0 |      23 |       0 |   0.0
        D:6 |    1180 |       0 |   0.0 |      24 |       0 |   0.0
        D:7 |    1370 |       0 |   0.0 |      30 |       0 |   0.0
        D:8 |    2324 |    1305 |  36.0 |      31 |      18 |  36.7
        D:9 |    2045 |     663 |  24.5 |      31 |       1 |   3.1
       D:10 |    2735 |    1557 |  36.3 |      34 |      10 |  22.7
       D:11 |    3642 |    1117 |  23.5 |      32 |       2 |   5.9
            +---------+---------+-------+---------+---------+-------
